 Dungeon Crawl Stone Soup version 0.27.0-1-g7a089689b8 (webtiles) character file.

Game seed: 18375159173909981670

17563 sanka the Martial Artist (level 12, -4/97 HPs)
             Began as a Merfolk Necromancer on Aug 7, 2021.
             Was a High Priest of Okawaru.
             Slain by a komodo dragon (9 damage)
             ... while petrified by a basilisk
             ... on level 1 of the Lair of Beasts.
             The game lasted 00:38:15 (17898 turns).

sanka the Martial Artist (Merfolk Necromancer)     Turns: 17898, Time: 00:38:15

Health: -4/97      AC:  2    Str:  9    XL:     12   Next: 49%
Magic:  18/18      EV:  5    Int: 24    God:    Okawaru [*****.]
Gold:   340        SH:  0    Dex: 26    Spells: 2/19 levels left

rFire    . . .     SeeInvis .     - Unarmed
rCold    . . .     Faith    .   (shield currently unavailable)
rNeg     + + +     Spirit   .   (armour currently unavailable)
rPois    ∞         Reflect  .   (helmet currently unavailable)
rElec    .         Harm     .   (cloak currently unavailable)
rCorr    .         Rampage  .   (gloves currently unavailable)
Will     .....                  (boots currently unavailable)
Stlth    +++.......             s - amulet of regeneration
HPRegen  1.26/turn              A - +6 ring of dexterity
MPRegen  0.16/turn              b - +6 ring of intelligence

@: spider-form (expiring), petrified
A: venomous fangs, tiny, (nimble swimmer 2), (mertail)
a: End Transformation, Renounce Religion, Heroism, Finesse


You were on level 1 of the Lair of Beasts.
You worshipped Okawaru.
Okawaru was extremely pleased with you.
You were a venomous arachnid creature.
You visited 3 branches of the dungeon, and saw 13 of its levels.

You collected 826 gold pieces.
You spent 486 gold pieces at shops.


Innate Abilities, Weirdness & Mutations

You are a venomous arachnid creature.
You have poisonous fangs.
You are tiny and dextrous.
You are immune to poison.
Your spellcasting is less reliable in this form.
Your armour is entirely melded.
You are incapable of wielding weapons or throwing items.
((You are quick and stealthy near water. (Stealth+, EV+, Speed+++)))
((Your lower body shifts to a powerful aquatic tail in water.))


   Skills:
 - Level 10.0 Fighting
 - Level 12.0 Dodging
 - Level 2.1 Stealth
 - Level 12.0 Unarmed Combat
 - Level 4.0 Spellcasting
 - Level 3.2 Necromancy
 + Level 11.2 Transmutations
 - Level 2.1 Air Magic
 - Level 2.0 Poison Magic
 - Level 4.0 Invocations


You had 2 spell levels left.
You knew the following spells:

 Your Spells              Type           Power      Damage    Failure   Level
c - Ice Form              Ice/Tmut       31%        N/A       24%         4
u - Storm Form            Tmut/Air       18%        N/A       100%        7
x - Spider Form           Tmut/Pois      18%        N/A       8%          3
y - Poisonous Vapours     Pois/Air       28%        N/A       17%         2
z - Pain                  Necr           80%        1d8       10%         1

Your spell library contained the following spells:

 Spells                   Type           Power      Damage    Failure   Level
 Beastly Appendage        Tmut           100%       N/A       1%          1
 Wereblood                Tmut           56%        N/A       1%          2
 Animate Skeleton         Necr           40%        N/A       10%         1
 Corpse Rot               Necr/Air       N/A        N/A       14%         2
 Vampiric Draining        Necr           10%        2d7       21%         3
 Animate Dead             Necr           10%        N/A       47%         4
 Summon Lightning Spire   Summ/Air       9%         N/A       75%         4
 Agony                    Necr           20%        N/A       77%         5
 Hailstorm                Conj/Ice       4%         3d4       85%         4
 Freezing Cloud           Conj/Ice/Air   4%         6-21      97%         5
 Simulacrum               Ice/Necr       6%         N/A       100%        6
 Maxwell's Capacitive Co  Air            7%         ∞         100%        8

Inventory:

Missiles
 e - 13 curare-tipped darts {=f}
Armour
 t - a +0 helmet (melded)
 u - the +3 ring mail of Quantum Leap {Will++}

   Will:      It greatly increases your willpower.
 v - a +2 robe of cold resistance
 x - a +0 cloak (melded)
 y - the +1 robe of Yjoobbuo (melded) {rPois Str+4 Dex+7 Stlth-}

   Str:       It affects your strength (+4).
   Dex:       It affects your dexterity (+7).
   rPois:     It protects you from poison.
   Stlth:     It makes you less stealthy.
 G - a +0 pair of gloves (melded)
Jewellery
 b - a +6 ring of intelligence (right front leg)
 l - a ring of fire
 s - an amulet of regeneration (around neck)
 A - a +6 ring of dexterity (left front leg)
 F - the amulet "Plog" {Acrobat rC+}

   [amulet of the acrobat]

   It increases your evasion while moving and waiting.
   rC:        It protects you from cold.
 J - an amulet of reflection
Wands
 p - a wand of paralysis (10)
 D - a wand of iceblast (17)
 E - a wand of acid (6)
Scrolls
 c - 2 scrolls of immolation {!r}
 f - 2 scrolls of identify {@r1}
 g - a scroll of summoning {unknown}
 h - 5 scrolls of fog
 k - 4 scrolls of teleportation {@r4}
 m - 2 scrolls of magic mapping
 r - a scroll of torment {!r}
 w - 2 scrolls of enchant weapon {unknown}
 B - 3 scrolls of blinking
 C - 2 scrolls of fear
 H - 2 scrolls of holy word {unknown}
 K - 3 scrolls of enchant armour {unknown}
 L - a scroll of acquirement {unknown}
Potions
 a - a potion of degeneration {unknown}
 d - 5 potions of heal wounds {@q2}
 i - 6 potions of curing {@q1}
 j - 2 potions of might {unknown}
 n - a potion of brilliance {unknown}
 o - a potion of mutation {unknown}
 q - 2 potions of resistance {unknown}
 z - a potion of ambrosia {unknown}
 I - 2 potions of cancellation {unknown}

Dungeon Overview and Level Annotations

Branches:
Dungeon (11/15)            Temple (1/1) D:4            Lair (1/6) D:9
    Orc (0/2) D:9

Altars:
Cheibriados
Gozag
Kikubaaqudgha
Makhleb
Okawaru
Qazlal
Trog
Yredelemnul
Beogh

Shops:
D:1 *(?   D:4 :   D:7 (   D:9 [

Portals:
Trove: D:10 (give +4 demon trident)

Annotations:
D:9 1 runed translucent door, Millie's ghost, journeyman MiFi
Lair:1 exclusion: 3 oklob plants

l...▒ ▒▒▒ ▒▒▒▒ .P?£▒
▒▒▒▒.▒▒▒..▒▒▒▒▒▒▒▒▒▒▒▒▒▒▒▒▒▒..PP▒
......).......(............l.....
..▒..▒▒▒▒▒..▒.▒..................
..▒...........▒........h>........
..▒...........▒........l.........
..▒...........▒...▒▒▒▒▒..........
...............ls.▒ ▒▒..▒.P▒.▒▒
..▒..▒+▒.▒▒▒▒▒▒.l.▒▒ ▒.(▒▒▒▒▒▒
.........††........▒ ▒(.▒▒▒▒▒▒
...▒▒.▒▒▒▒P..▒....▒▒ ▒.......▒
..▒..........▒....▒ ▒...▒▒.▒▒▒
..▒..........▒....▒▒ ▒..▒▒.'▒.▒
.............▒.....▒ ▒.▒▒.....▒
..▒(.........▒....▒▒ ▒▒▒.......
..▒).........'....▒▒▒▒▒▒▒....▒.▒.


You could see a komodo dragon (very poisoned) and a basilisk.


Message History

The komodo dragon bites you!! The basilisk bites you!
* * * LOW HITPOINT WARNING * * *
Your limbs are stiffening.
Unknown command.
Unknown command.
You barely miss the komodo dragon.
The komodo dragon is heavily wounded.
The komodo dragon bites you!
* * * LOW HITPOINT WARNING * * *
The basilisk closely misses you.
You have turned to stone.
The komodo dragon bites you but does no damage.
The basilisk bites you!
* * * LOW HITPOINT WARNING * * *
The komodo dragon bites you!
* * * LOW HITPOINT WARNING * * *
The basilisk bites you!!
* * * LOW HITPOINT WARNING * * *
The komodo dragon bites you!!
* * * LOW HITPOINT WARNING * * *
The basilisk gazes at you.
The komodo dragon completely misses you.
The basilisk barely misses you. The komodo dragon bites you!!
* * * LOW HITPOINT WARNING * * *
The basilisk gazes at you. You resist with some effort.
The komodo dragon bites you!!
You die...

Action                   |  1- 3 |  4- 6 |  7- 9 | 10-12 || total
-------------------------+-------+-------+-------+-------++-------
Melee: Unarmed           |    10 |    80 |   285 |   540 ||   915
       Tailslap          |     1 |       |       |       ||     1
       Whip              |     3 |    21 |     2 |       ||    26
       Punch             |       |       |       |     1 ||     1
 Cast: Pain              |    67 |   115 |     4 |       ||   186
       Spider Form       |       |    11 |    37 |    68 ||   116
Invok: Heroism           |       |       |    14 |    28 ||    42
       Finesse           |       |       |       |     1 ||     1
 Abil: End Transformatio |       |       |       |     1 ||     1
  Use: Scroll            |       |     2 |     8 |       ||    10
       Potion            |       |     1 |     1 |       ||     2
 Stab: Sleeping          |     1 |     2 |     3 |     5 ||    11
       Distracted        |       |       |       |     1 ||     1
Armor: Robe              |    12 |     8 |     2 |     4 ||    26
       Skin              |       |     4 |    12 |     7 ||    23
Dodge: Dodged            |    36 |   145 |   280 |   544 ||  1005

Levels and vault maps discovered:
D:1:      amcnicky_arrival_single_pillar, layout_loops_ring, serial_shops, shop,
          shop, shop
D:2:      layout_rooms, minmay_lizard_pond
D:3:      layout_basic, marbit_many_paths, shapermc_ecumenical_altar_pompeii,
          uniq_crazy_yiuf_cottage
D:4:      layout_loops_ring, temple_fountains, serial_shops, shop_statue,
          serial_co_window_serial, co_window_of_opportunity_a,
          co_window_corner_a, co_window_paths_a, co_window_corner_a,
          co_window_paths_b, co_window_corner_ca, co_window_broadway_a,
          co_window_corner_b, co_window_2corner, co_window_unsneaky_path_d,
          co_window_of_opportunity_b, glass_columns_b, glass_columns_c,
          grunt_ministairs_10, uniq_menkaure, uniq_blork_the_orc, uniq_duvessa
D:5:      layout_cave_pools, kennysheep_potato
D:6:      layout_cave_pods
D:7:      layout_rooms, serial_shops, shop_statue, st_stairs_5,
          david_defended_altar_orc
D:8:      layout_loops_cross, uniq_pikel
D:9:      layout_gridville, due_lair_maze_entry_diamond, orc_0_dummy,
          ebering_ghost_reflecting_pool, serial_shops, nicolae_stop_n_shop_2
D:10:     minmay_chambers_of_sixes, layout_basic, nicolae_trove_entry_diagonal
D:11:     layout_roguey [special_room_orc], serial_curves, eino_curves_04,
          eino_curves_01, yredelemnul_altar_generic
Temple:   nicolae_temple_the_god_donut
Lair:1:   layout_chaotic_city, minmay_lair_oklob_chamber, grunt_megastairs_2

Notes
Turn   | Place    | Note
-------+----------+-------------------------------------------
     0 | D:1      | sanka the Merfolk Necromancer began the quest for the Orb.
     0 | D:1      | Reached XP level 1. HP: 13/13 MP: 3/3
   229 | D:1      | Reached skill level 3 in Dodging
   298 | D:1      | Found Yguecour's Assorted Antiques.
   348 | D:1      | Found Voiz Cuw's Weapon Boutique.
   387 | D:1      | Found Jones's Magic Scroll Boutique.
   596 | D:1      | Reached XP level 2. HP: 5/19 MP: 0/5
  1081 | D:1      | Reached skill level 4 in Dodging
  1599 | D:2      | Reached XP level 3. HP: 22/24 MP: 2/6
  1691 | D:2      | Reached skill level 5 in Dodging
  2501 | D:2      | Reached XP level 4. HP: 26/30 MP: 2/7
  3349 | D:3      | Reached skill level 6 in Dodging
  3511 | D:3      | Learned a level 3 spell: Spider Form
  4009 | D:3      | Reached skill level 1 in Transmutations
  4084 | D:3      | Found a faded altar of an unknown god.
  4171 | D:3      | Found a runed translucent door.
  4172 | D:3      | Noticed Crazy Yiuf
  4301 | D:3      | Reached skill level 1 in Poison Magic
  4301 | D:3      | Reached XP level 5. HP: 21/35 MP: 3/8
  4513 | D:3      | Found an opulent altar of Gozag.
  5470 | D:3      | Reached skill level 2 in Transmutations
  5643 | D:4      | Reached skill level 3 in Transmutations
  5643 | D:4      | Reached skill level 2 in Poison Magic
  5940 | D:4      | Reached skill level 4 in Transmutations
  5940 | D:4      | Reached XP level 6. HP: 37/41 MP: 4/9
  5989 | D:4      | Noticed Blork the orc
  6121 | D:4      | Found a staircase to the Ecumenical Temple.
  6133 | D:4      | Reached skill level 5 in Transmutations
  6298 | Temple   | Entered the Ecumenical Temple
  6304 | Temple   | Became a worshipper of Warmaster Okawaru
  6364 | D:4      | Found Argho Tiss's Book Shoppe.
  6408 | D:4      | Noticed Duvessa
  6408 | D:4      | Noticed Dowan
  6571 | D:4      | Noticed Menkaure
  6950 | D:5      | Entered Level 5 of the Dungeon
  7120 | D:5      | Noticed an ice beast
  7137 | D:5      | Reached skill level 6 in Transmutations
  7178 | D:6      | Noticed a sky beast
  7379 | D:6      | Reached skill level 1 in Unarmed Combat
  7623 | D:6      | Reached skill level 1 in Fighting
  7623 | D:6      | Reached XP level 7. HP: 36/48 MP: 7/10
  8023 | D:6      | Reached skill level 2 in Fighting
  8023 | D:6      | Reached skill level 2 in Unarmed Combat
  8407 | D:6      | Reached skill level 3 in Unarmed Combat
  8574 | D:6      | Reached skill level 3 in Fighting
  8710 | D:6      | Reached skill level 4 in Unarmed Combat
  8811 | D:7      | Reached * piety under Okawaru
  8812 | D:7      | Reached XP level 8. HP: 51/58 MP: 7/11
  8858 | D:6      | Reached skill level 5 in Unarmed Combat
  8858 | D:6      | Reached skill level 1 in Invocations
  8967 | D:7      | Reached skill level 2 in Invocations
  9114 | D:9      | Reached skill level 3 in Invocations
  9118 | D:9      | Reached skill level 6 in Unarmed Combat
  9131 | D:9      | Reached ** piety under Okawaru
  9132 | D:9      | Reached skill level 4 in Invocations
  9142 | D:9      | Reached skill level 7 in Unarmed Combat
  9226 | D:9      | Noticed a troll
  9238 | D:9      | Killed a troll
  9239 | D:9      | Reached skill level 8 in Unarmed Combat
  9239 | D:9      | Reached XP level 9. HP: 48/63 MP: 6/12
  9349 | D:9      | Found a staircase to the Orcish Mines.
  9410 | D:8      | Learned a level 2 spell: Poisonous Vapours
  9666 | D:7      | Found Vinoam's Antique Weapon Shop.
  9707 | D:7      | Reached skill level 1 in Air Magic
  9741 | D:7      | Identified the +3 ring mail of Quantum Leap {Will++}
  9866 | D:7      | Found a bloodstained altar of Trog.
  9876 | D:7      | Reached skill level 9 in Unarmed Combat
  9876 | D:7      | Reached skill level 2 in Air Magic
 10160 | D:6      | Reached *** piety under Okawaru
 10196 | D:6      | Reached skill level 10 in Unarmed Combat
 10845 | D:5      | Reached skill level 4 in Fighting
 10845 | D:5      | Reached skill level 7 in Dodging
 11431 | D:4      | Killed Menkaure
 11669 | D:4      | Killed Duvessa
 11670 | D:4      | Reached skill level 5 in Fighting
 11670 | D:4      | Reached XP level 10. HP: 57/74 MP: 8/13
 11673 | D:4      | Killed Dowan
 11674 | D:4      | Reached skill level 8 in Dodging
 11833 | D:3      | Killed Crazy Yiuf
 12054 | D:4      | Killed Blork the orc
 12131 | D:4      | Learned a level 7 spell: Storm Form
 12340 | D:1      | Bought a heavy robe for 153 gold pieces
 12340 | D:1      | Identified the +1 robe of Yjoobbuo {rPois Str+4 Dex+7
                  | Stlth-} (You bought it in a shop on level 1 of the Dungeon)
 12340 | D:1      | Bought a runed cabochon ring for 135 gold pieces
 12406 | D:1      | Bought a scroll of blinking for 75 gold pieces
 12406 | D:1      | Bought a scroll of fear for 35 gold pieces
 12406 | D:1      | Bought a scroll of teleportation for 30 gold pieces
 12785 | D:8      | Received a gift from Okawaru
 13042 | D:8      | Reached skill level 6 in Fighting
 13219 | D:8      | Noticed Pikel
 13236 | D:8      | Killed Pikel
 13237 | D:8      | Reached skill level 9 in Dodging
 13514 | D:9      | Found a runed translucent door.
 13516 | D:9      | Noticed Millie's ghost (journeyman MiFi)
 13691 | D:9      | Identified the amulet "Plog" {Acrobat rC+}
 13791 | D:9      | Found a staircase to the Lair.
 13886 | D:9      | Reached skill level 7 in Fighting
 13947 | D:9      | Found Utif Due's Armour Emporium.
 13960 | D:9      | Bought a +0 pair of gloves for 58 gold pieces
 14041 | D:9      | Reached **** piety under Okawaru
 14128 | D:9      | Reached skill level 11 in Unarmed Combat
 14285 | D:9      | Reached skill level 10 in Dodging
 14472 | D:10     | Entered Level 10 of the Dungeon
 14609 | D:10     | Found a portal to a secret trove of treasure.
 14693 | D:10     | Reached XP level 11. HP: 85/85 MP: 10/14
 14740 | D:10     | Paralysed by a hornet for 2 turns
 14793 | D:10     | Reached skill level 8 in Fighting
 14801 | D:10     | Reached ***** piety under Okawaru
 15145 | D:10     | Identified +0 acid dragon scales
 15312 | D:10     | Reached skill level 11 in Dodging
 15327 | D:10     | Noticed a mana viper
 15330 | D:10     | a mana viper changed into a komodo dragon
 15380 | D:10     | Noticed a manticore
 15465 | D:10     | Killed a manticore
 15806 | D:11     | Found a basalt altar of Yredelemnul.
 15839 | D:11     | Noticed a two-headed ogre
 15845 | D:11     | Killed a two-headed ogre
 15846 | D:11     | Reached skill level 12 in Unarmed Combat
 15956 | D:11     | Noticed a two-headed ogre
 15963 | D:11     | Killed a two-headed ogre
 15964 | D:11     | Reached skill level 9 in Fighting
 16205 | D:11     | Noticed a four-headed hydra
 16243 | D:11     | Killed a four-headed hydra
 16244 | D:11     | Reached skill level 12 in Dodging
 16375 | D:11     | Noticed a manticore
 16392 | D:11     | Killed a manticore
 16393 | D:11     | Reached skill level 3 in Spellcasting
 16466 | D:11     | Reached ****** piety under Okawaru
 16466 | D:11     | Identified the +2 flail of Raop {pain, rF+ rN+ rCorr}
                  | (Okawaru gifted it to you on level 11 of the Dungeon)
 16466 | D:11     | Received a gift from Okawaru
 16467 | D:11     | Reached skill level 10 in Fighting
 16630 | D:11     | Reached skill level 4 in Spellcasting
 16661 | D:11     | Reached XP level 12. HP: 97/97 MP: 14/18
 16668 | D:11     | Learned a level 4 spell: Ice Form
 16871 | Lair:1   | Entered Level 1 of the Lair of Beasts
 16875 | Lair:1   | Reached skill level 7 in Transmutations
 16984 | Lair:1   | Reached skill level 8 in Transmutations
 17058 | Lair:1   | Reached skill level 9 in Transmutations
 17248 | Lair:1   | Identified the +1 hunting sling of the Endless Expanse
                  | {speed, Int+3} (Okawaru gifted it to you on level 1 of the
                  | Lair of Beasts)
 17248 | Lair:1   | Received a gift from Okawaru
 17416 | Lair:1   | Reached skill level 10 in Transmutations
 17425 | Lair:1   | Noticed a catoblepas
 17434 | Lair:1   | Killed a catoblepas
 17867 | Lair:1   | Reached skill level 11 in Transmutations
 17897 | Lair:1   | HP: 3/97 [komodo dragon (12)]
 17898 | Lair:1   | Slain by a komodo dragon

Vanquished Creatures
  A hydra (D:11)
  A catoblepas (Lair:1)
  2 two-headed ogres (D:11)
  Pikel (D:8)
  2 manticores
  2 centaur zombies
  2 black mambas (Lair:1)
  A cane toad (Lair:1)
  2 unseen horrors
  4 komodo dragons (Lair:1)
  A polar bear (Lair:1)
  2 trolls
  A hornet (D:10)
  2 vampires (D:9)
  2 wyverns
  9 yaks
  A hog (shapeshifter) (D:10)
  2 basilisks (Lair:1)
  A yak (shapeshifter) (D:10)
  A steam dragon (D:7)
  3 acid dragons
  Menkaure (D:4)
  4 water moccasins
  Duvessa (D:4)
  15 orc warriors
  2 sky beasts
  6 black bears
  An ice beast (D:5)
  3 centaurs
  An ogre (D:11)
  A lemure (D:8)
  A phantom (D:5)
  A kobold brigand (D:6)
  Blork the orc (D:4)
  9 bullfrogs
  A gnoll sergeant (D:10)
  Dowan (D:4)
  A water moccasin zombie (D:5)
  3 scorpions
  12 killer bees
  14 wights
  6 howler monkeys
  Crazy Yiuf (D:3)
  4 hounds
  14 orc priests
  A bullfrog skeleton (D:5)
  2 bullfrog zombies
  3 jellies
  A gnoll shaman (D:8)
  5 iguanas
  7 orc wizards
  A howler monkey zombie (D:9)
  11 gnolls
  9 adders
  2 white imps
  An ufetubus (D:6)
  An adder skeleton (D:4)
  A worm (D:2)
  A dart slug (D:3)
  45 orcs
  4 endoplasms
  3 giant cockroaches
  5 hobgoblins
  10 jackals
  11 kobolds
  9 ball pythons
  12 bats
  15 frilled lizards
  6 goblins
  3 rats
316 creatures vanquished.

Vanquished Creatures (others)
  34 fungi (D:9)
  35 plants
  4 withered plants (D:11)
73 creatures vanquished.

Grand Total: 389 creatures vanquished
